Map: Old Republic LE

Players

ShoWTimE - Winner!

  • Race: Protoss Protoss
  • League: Master
  • Spawn Location: 1:00

SZsOs (sOs)

  • Race: Protoss Protoss
  • League: Master
  • Spawn Location: 7:00

VOD

Have the link to the VOD?

Description

Time

  • Played on: Feb. 1, 2026, 6:19 a.m.
  • Length: 5:53
Show
View Real Time Build Order
Export as new Build Order

ShoWTimE Protoss - Winner!

Build Orders:  

Get SALT Encoding   

  12  0:00  Probe  
  13  0:12  Probe  
  14  0:16  Pylon  
  14  0:23  Probe  
  15  0:31  Probe  
  15  0:35  Gateway  
  15  0:39  Probe  
  16  0:45  Assimilator  
  17  0:50  Probe  
  17  0:53  Assimilator  
  18  0:59  Probe  
  19  1:07  Probe, Gateway  
  20  1:17  Probe  
  20  1:22  Cybernetics Core  
  21  1:29  Probe  
  22  1:33  Pylon  
  22  1:41  Probe  
  23  1:58  Adept x2  
  23  1:59  Robotics Facility  
  27  2:02  Warp Gate  
  27  2:09  Pylon  
  27  2:28  Adept x2  
  31  2:35  Warp Prism  
  31  2:50  Gateway  
  33  3:02  Sentry  
  33  3:03  Immortal  
  35  3:07  Pylon  
  39  3:25  Sentry  
  41  3:40  Pylon  
  41  3:42  Immortal  
  45  4:08  Sentry, Stalker x2  
  51  4:12  Pylon  
  51  4:16  Immortal  
  55  4:38  Adept x2  
  55  4:39  Adept  
  61  4:47  Pylon  
  61  5:06  Immortal  
  65  5:27  Adept x3  
Show
View Real Time Build Order
Export as new Build Order

SZsOs Protoss 

Build Orders: 1 Gate Expand 

Get SALT Encoding   

  12  0:00  Probe  
  13  0:12  Probe  
  14  0:17  Pylon  
  14  0:24  Probe  
  15  0:35  Probe  
  15  0:38  Gateway  
  16  0:43  Assimilator, Probe  
  17  0:51  Probe  
  18  1:03  Probe  
  19  1:15  Probe  
  20  1:21  Nexus  
  20  1:32  Cybernetics Core  
  20  1:35  Probe  
  21  1:40  Assimilator  
  21  1:46  Pylon  
  21  1:48  Warp Gate  
  21  1:49  Probe  
  22  2:01  Probe  
  23  2:08  Sentry  
  23  2:13  Probe  
  26  2:16  Gateway  
  26  2:22  Shield Battery  
  26  2:25  Probe  
  27  2:31  Sentry  
  27  2:33  Probe  
  29  2:37  Probe  
  30  2:45  Gateway  
  30  2:49  Probe  
  31  2:59  Probe  
  32  3:05  Pylon  
  32  3:06  Sentry  
  32  3:10  Probe  
  32  3:12  Probe  
  36  3:16  Shield Battery  
  36  3:18  Stalker  
  36  3:25  Shield Battery  
  37  3:40  Stalker x2  
  39  3:51  Probe x2  
  40  3:59  Sentry  
  41  4:04  Probe  
  41  4:08  Shield Battery  
  43  4:17  Adept x2  
  43  4:20  Pylon  
  46  4:24  Probe  
  46  4:29  Adept  
  49  4:38  Probe  
  50  4:40  Stalker  
  50  4:42  Pylon  
  52  4:52  Sentry  
  54  5:00  Stalker  
  54  5:04  Shield Battery  
  56  5:18  Adept x2  
  56  5:21  Probe  
  56  5:22  Probe  
  45  5:29  Adept  
  45  5:33  Probe  
  45  5:34  Probe  
  33  5:40  Adept  
Tags
 
Add a new tag
Caveats
  • Supply blocks, unpowered buildings, or Contaminate may cause inaccurate times.
  • Supply counts are checked every 10 seconds.